 Dungeon Crawl Stone Soup version 0.21-a0-142-gdd972a7 (webtiles) character file.

26005 Manul the Martial Artist (level 12, -7/88 (89) HPs)
             Began as a Demonspawn Monk on July 22, 2017.
             Was an Initiate of Gozag.
             Mangled by an entropy weaver
             ... wielding the +7 trident of the Wilderness {holy, Stlth+}
              (8 damage)
             ... on level 12 of the Dungeon.
             The game lasted 00:21:40 (11158 turns).

Manul the Martial Artist (Demonspawn Monk)         Turns: 11158, Time: 00:21:40

HP:   -7/88 (89)    AC: 13    Str: 21    XL:     12   Next: 94%
MP:   0/13          EV: 13    Int: 11    God:    Gozag
Gold: 1131          SH:  0    Dex: 20    Spells: 11/11 levels left

rFire    . . .     SeeInvis .     - Unarmed
rCold    + . .     Gourm    +   (no shield)
rNeg     + . .     Faith    .   A - +0 chain mail of Dyic {rC+ Str+2 Slay+2} (curse)
rPois    .         Spirit   +   f - +1 hat
rElec    .         Reflect  .   (no cloak)
rCorr    +         Harm     .   (no gloves)
MR       .....                  (no boots)
Stlth    +.........             u - amulet "Podonodo" {Gourm rN+ Str+4}
HPRegen  5.64/turn              z - ring of resist corrosion
MPRegen  0.13/turn              (no ring)

@: gold aura
A: claws 2, agile 1, blurry vision 1, low mp 1, powered by death 2, regeneration
1, shaggy fur 1, magic shield, sturdy frame 1
a: Potion Petition, Call Merchant, Bribe Branch, Renounce Religion


You were on level 12 of the Dungeon.
You worshipped Gozag.
Gozag was most pleased with you.
You were not hungry.

You visited 2 branches of the dungeon, and saw 13 of its levels.
You also visited: Bailey.

You collected 2162 gold pieces.
You spent 426 gold pieces at shops.
You paid 605 gold pieces to Gozag.

Inventory:

Armour
 f - a +1 hat (worn)
 A - the cursed +0 chain mail of Dyic (worn) {rC+ Str+2 Slay+2}
   (You bought it in a shop on level 10 of the Dungeon)

   It affects your strength (+2).
   It affects your accuracy and damage with ranged weapons and melee attacks
   (+2).
   It protects you from cold.
   It has a curse placed upon it.
 J - a +1 ring mail of cold resistance
Jewellery
 p - the amulet of Limitation {rN+ Regen+}
   (You found it on level 9 of the Dungeon)

   [amulet of regeneration]

   It protects you from negative energy.
   It increases your rate of regeneration.
 t - an uncursed amulet of guardian spirit {unknown}
 u - the amulet "Podonodo" (around neck) {Gourm rN+ Str+4}
   (You found it on level 4 of the Dungeon)

   [amulet of the gourmand]

   It allows you to eat raw meat even when not hungry.
   It affects your strength (+4).
   It protects you from negative energy.
 z - a ring of resist corrosion (left claw)
 C - an uncursed amulet of guardian spirit {unknown}
Wands
 q - a wand of confusion (17/48)
 x - a wand of clouds (0/9)
 D - a wand of digging (6/24)
 E - a wand of lightning (8/15)
 K - a wand of polymorph (13/24)
Scrolls
 e - 2 scrolls of enchant weapon
 j - 6 scrolls of teleportation
 m - 2 scrolls of blinking
 o - 5 scrolls of remove curse
 s - 3 scrolls of enchant armour
 v - 7 scrolls of identify
 B - a scroll of recharging
Potions
 a - a potion of agility
 d - a potion of magic
 g - a potion of berserk rage {unknown}
 h - a potion of degeneration {unknown}
 n - 3 potions of curing
 r - 4 potions of flight
 F - 2 potions of mutation {unknown}
 G - 2 potions of haste {unknown}
 L - a potion of invisibility {unknown}
Books
 y - the Collected Works on Entrancing Good Luck
   (You found it on level 4 of the Dungeon)

   Spells                             Type                      Level
   a - Song of Slaying                Charms                       2
   b - Swiftness                      Charms/Air                   2
   c - Dazzling Spray                 Conjuration/Hexes            3
   d - Spectral Weapon                Hexes/Charms                 3
   e - Portal Projectile              Hexes/Translocation          3
   f - Iskenderun's Battlesphere      Conjuration/Charms           5
Comestibles
 b - 10 bread rations
 c - 4 royal jellies
 k - 5 meat rations
 l - 7 fruits


   Skills:
 + Level 6.4 Fighting
 + Level 8.9 Armour
 + Level 6.9 Dodging
 + Level 6.0 Stealth
   Level 2.7 Shields
 + Level 14.0 Unarmed Combat
 + Level 3.5 Evocations


You had 11 spell levels left.
You didn't know any spells.

Dungeon Overview and Level Annotations

Branches:
Dungeon (12/15)            Temple (1/1) D:7            Lair (0/6) D:10
    Orc (0/2) D:11

Altars:
Ashenzari
Cheibriados
Dithmenos
Elyvilon
Fedhas
Gozag
Hepliaklqana
Kikubaaqudgha
Makhleb
Nemelex Xobeh
Okawaru
Qazlal
Ru
Sif Muna
Trog
Uskayaw
Vehumet
Wu Jian
Xom
Yredelemnul
Zin
The Shining One

Shops:
D:5 [   D:6 *   D:7 *   D:10 [   D:11 [(


Innate Abilities, Weirdness & Mutations

You have very sharp fingernails.
You regenerate health from kills.
When hurt, damage is shared between your health and your magic reserves.
Your movements are slightly less encumbered by armour. (ER -2)
You are agile. (Dex +2)
Scrolls take you a little longer to read.
Your magical capacity is low. (-10% MP)
Your natural rate of healing is unusually fast.
You are covered in fur. (AC +1)


Message History

The entropy weaver hits you but does no damage.
The entropy weaver hits you with a translucent trident {holy}!
* * * LOW HITPOINT WARNING * * *
You convulse!
* * * LOW HITPOINT WARNING * * *
The entropy weaver hits you with a translucent trident {holy}.
* * * LOW HITPOINT WARNING * * *
You convulse.
* * * LOW HITPOINT WARNING * * *
The entropy weaver hits you but does no damage.
You begin reading the scroll.
You continue reading the scroll.
The soldier ant stings you but does no damage.
The entropy weaver hits you with a translucent trident {holy}.
* * * LOW HITPOINT WARNING * * *
You convulse.
* * * LOW HITPOINT WARNING * * *
The entropy weaver closely misses you.
The entropy weaver hits you with a translucent trident {holy}!
You die...
Your body crumbles into a pile of gold. ####### #aaaaa##

#aa$#@.###
#aaa##...##
#.a#aa###..#
..a###..
##.## #$...
... #..##
##.a
..a###..####
#..# .#a.
##....# ..#
###.. ##...#
$#...#


You could see an entropy weaver, 3 soldier ants and a worker ant.

Vanquished Creatures
  Erolcha (D:12)
  Erica (D:10)
  2 two-headed ogres (D:11)
  Urug (D:10)
  4 deep elf magi (Bailey)
  The ghost of Mulkerokala the Summoner, a novice DESu of Sif Muna (D:9)
  An ugly thing (D:12)
  A manticore (D:12)
  A cyclops (D:10)
  2 gargoyles
  A kobold demonologist (D:12)
  3 trolls
  A hornet (D:11)
  3 hippogriffs
  Sigmund (D:5)
  A spriggan (D:8)
  A wraith (D:12)
  A yak (D:10)
  Eustachio (D:6)
  2 water elementals (D:12)
  2 hungry ghosts
  Edmund (D:4)
  8 soldier ants (D:12)
  2 hell hounds (D:10)
  5 orc warriors
  5 ice beasts
  2 sky beasts
  A black bear (D:4)
  3 phantoms
  2 necrophages (D:12)
  5 ogres
  3 centaurs
  A crocodile (D:11)
  4 big kobolds
  2 bullfrogs
  A wyvern zombie (D:12)
  2 scorpions
  20 killer bees
  13 wights
  8 electric eels (D:12)
  2 howler monkeys (D:9)
  6 crimson imps
  4 centaur zombies
  A bullfrog skeleton (D:4)
  An iron imp (D:6)
  4 jellies
  3 bullfrog zombies
  6 orc priests
  3 iguanas
  5 hounds
  Terence (D:2)
  8 orc wizards
  10 worker ants
  A hound zombie (D:11)
  2 hound skeletons
  A worker ant zombie (D:11)
  8 adders
  3 shadow imps
  3 oozes
  An adder zombie (D:8)
  3 adder skeletons
  A worm (D:5)
  2 dart slugs
  5 leopard geckos
  36 orcs
  A ball python (D:3)
  4 bats
  5 giant cockroaches
  7 goblins
  10 hobgoblins
  6 jackals
  6 quokkas
  2 frilled lizards (D:1)
  21 kobolds
  7 rats
  2 fungi (D:5)
311 creatures vanquished.

Notes
Turn   | Place    | Note
-------+----------+-------------------------------------------
     0 | D:1      | Manul the Demonspawn Monk began the quest for the Orb.
     0 | D:1      | Reached XP level 1. HP: 18/18 MP: 1/1
   104 | D:1      | Reached skill level 3 in Unarmed Combat
   115 | D:1      | Gained mutation: When hurt, damage is shared between your health and your magic reserves. [demonic ancestry]
   115 | D:1      | Reached XP level 2. HP: 19/24 MP: 2/2
   799 | D:2      | Noticed Terence
   865 | D:2      | Killed Terence
   865 | D:2      | Gained mutation: You have sharp fingernails. [demonic ancestry]
   865 | D:2      | Reached XP level 3. HP: 21/29 MP: 1/3
  1060 | D:2      | Found a shattered altar of Ashenzari.
  1089 | D:2      | Reached skill level 1 in Armour
  1508 | D:2      | Gained mutation: You regenerate a little health from kills. [demonic ancestry]
  1508 | D:2      | Reached XP level 4. HP: 35/35 MP: 4/4
  2512 | D:4      | Reached skill level 4 in Unarmed Combat
  2707 | D:4      | Reached XP level 5. HP: 32/41 MP: 3/5
  2838 | D:3      | Noticed an ogre
  2854 | D:3      | Killed an ogre
  2854 | D:3      | Gained mutation: You have very sharp fingernails. [demonic ancestry]
  2854 | D:3      | Reached XP level 6. HP: 16/47 MP: 1/6
  2858 | D:3      | Reached skill level 5 in Unarmed Combat
  3056 | D:3      | Found a glowing silver altar of Zin.
  3283 | D:3      | Found a stormy altar of Qazlal.
  3785 | D:4      | Got a transparent iron amulet
  3786 | D:4      | Identified the amulet "Podonodo" {Gourm rN+ Str+4} (You found it on level 4 of the Dungeon)
  3963 | D:4      | Noticed Edmund
  3975 | D:4      | Killed Edmund
  3975 | D:4      | Reached skill level 6 in Unarmed Combat
  3975 | D:4      | Reached XP level 7. HP: 15/52 MP: 2/7
  4474 | D:4      | Identified the Collected Works on Entrancing Good Luck
  4552 | D:5      | Entered Level 5 of the Dungeon
  4561 | D:5      | Found Vacsaux's Antique Armour Shoppe.
  4675 | D:5      | Noticed Sigmund
  4755 | D:5      | Killed Sigmund
  4827 | D:5      | Reached skill level 7 in Unarmed Combat
  4827 | D:5      | Gained mutation: You regenerate health from kills. [demonic ancestry]
  4827 | D:5      | Reached XP level 8. HP: 41/58 MP: 6/8
  4997 | D:6      | Found a snail-covered altar of Cheibriados.
  5036 | D:6      | Noticed Eustachio
  5064 | D:6      | Found Byuheemp's General Store.
  5118 | D:5      | Gained mutation: You are covered in fur. (AC +1) [mutagenic meat]
  5119 | D:5      | Gained mutation: Scrolls take you a little longer to read. [mutagenic meat]
  5120 | D:5      | Gained mutation: Your magical capacity is low. (-10% MP) [mutagenic meat]
  5121 | D:5      | Gained mutation: Your natural rate of healing is unusually fast. [mutagenic meat]
  5122 | D:5      | Gained mutation: You are agile. (Dex +2) [mutagenic meat]
  5186 | D:6      | Killed Eustachio
  5330 | D:6      | Bought a scroll of teleportation for 36 gold pieces
  5412 | D:6      | Found a shimmering altar of Xom.
  5480 | D:6      | Reached skill level 8 in Unarmed Combat
  5492 | D:6      | Reached skill level 5 in Armour
  5642 | D:6      | Found a glowing golden altar of the Shining One.
  5671 | D:6      | Reached skill level 1 in Evocations
  5864 | D:6      | Found a white marble altar of Elyvilon.
  5999 | D:7      | Reached XP level 9. HP: 64/65 MP: 5/8
  6153 | D:7      | Found a shadowy altar of Dithmenos.
  6179 | D:7      | Found a staircase to the Ecumenical Temple.
  6194 | Temple   | Entered the Ecumenical Temple
  6262 | Temple   | Became a worshipper of Gozag Ym Sagoz the Greedy
  6312 | D:5      | Bought a dull robe for 153 gold pieces
  6326 | D:5      | Identified the +2 robe of Beteiv {rElec Str+9 Slay-5} (You bought it in a shop on level 5 of the Dungeon)
  6745 | D:7      | Found Burhehi's Assorted Antiques.
  6922 | D:8      | Reached skill level 9 in Unarmed Combat
  7178 | D:8      | Found a blossoming altar of Fedhas.
  7378 | D:8      | Reached skill level 5 in Dodging
  7444 | D:8      | Found a sparkling altar of Nemelex Xobeh.
  7526 | D:8      | Reached skill level 10 in Unarmed Combat
  7721 | D:8      | Found a stormy altar of Qazlal.
  7818 | D:9      | Reached XP level 10. HP: 73/73 MP: 7/9
  7936 | D:9      | Found a basalt altar of Yredelemnul.
  7937 | D:9      | Found a bloodstained altar of Trog.
  7937 | D:9      | Found an iron altar of Okawaru.
  7938 | D:9      | Found a hazy altar of Hepliaklqana.
  8030 | D:9      | Noticed Mulkerokala's ghost (novice DESu)
  8047 | D:9      | Killed Mulkerokala's ghost
  8116 | D:9      | Got a steaming platinum amulet
  8156 | D:9      | Identified the amulet of Limitation {rN+ Regen+} (You found it on level 9 of the Dungeon)
  8274 | D:9      | Found a sparkling altar of Nemelex Xobeh.
  8453 | D:10     | Entered Level 10 of the Dungeon
  8623 | D:10     | Reached skill level 11 in Unarmed Combat
  8740 | D:10     | Noticed Erica
  8760 | D:10     | Killed Erica
  8850 | D:10     | Found a flagged portal.
  8866 | Bailey   | Entered a bailey
  8872 | Bailey   | Noticed a deep elf mage
  8879 | Bailey   | Killed a deep elf mage
  8926 | Bailey   | Noticed a deep elf mage
  8927 | Bailey   | Noticed a deep elf mage
  8927 | Bailey   | Noticed a deep elf mage
  8928 | Bailey   | Noticed a deep elf mage
  8937 | Bailey   | Noticed a deep elf mage
  8940 | Bailey   | Noticed a deep elf mage
  8940 | Bailey   | Killed a deep elf mage
  8949 | Bailey   | Killed a deep elf mage
  8953 | Bailey   | Killed a deep elf mage
  8953 | Bailey   | Gained mutation: Your movements are slightly less encumbered by armour. (ER -2) [demonic ancestry]
  8953 | Bailey   | Reached XP level 11. HP: 39/78 MP: 3/10
  8955 | Bailey   | Reached skill level 5 in Fighting
  8955 | Bailey   | Reached skill level 5 in Stealth
  8955 | Bailey   | Reached skill level 12 in Unarmed Combat
  8955 | Bailey   | Reached XP level 12. HP: 29/87 MP: 2/13
  9158 | D:10     | Found a staircase to the Lair.
  9348 | D:10     | Noticed Urug
  9362 | D:10     | Killed Urug
  9660 | D:10     | Bought a shimmering chain mail for 237 gold pieces
  9670 | D:10     | Identified the cursed +0 chain mail of Dyic {rC+ Str+2 Slay+2} (You bought it in a shop on level 10 of the Dungeon)
  9814 | D:11     | Noticed a two-headed ogre
  9819 | D:11     | Killed a two-headed ogre
  9843 | D:11     | Noticed a two-headed ogre
  9858 | D:11     | Killed a two-headed ogre
  9965 | D:11     | Found Pyophap's Armour Shop.
  9966 | D:11     | Found a staircase to the Orcish Mines.
 10020 | D:11     | Reached skill level 13 in Unarmed Combat
 10047 | D:11     | Found Mel Load's Weapon Shop.
 10643 | D:12     | Noticed Erolcha
 10651 | D:12     | Killed Erolcha
 10670 | D:12     | Found a labyrinth entrance.
 11128 | D:12     | Reached skill level 14 in Unarmed Combat
 11135 | D:12     | Noticed an entropy weaver
 11141 | D:12     | Noticed an entropy weaver
 11157 | D:12     | HP: 4/88 [entropy weaver/translucent trident {holy} (3)]
 11158 | D:12     | HP: 1/88 [entropy weaver/translucent trident {holy} (4)]
 11158 | D:12     | Identified the +7 trident of the Wilderness {holy, Stlth+}
 11158 | D:12     | Mangled by an entropy weaver

Vault maps used:
D:1:      mrwooster_arrival_statue_3
D:2:      nicolae_ashenzari_panopticon, first_bread, uniq_terence
D:3:      marbit_many_paths, nicolae_overflow_crystal_walls
D:4:      black_bear_nest_1, serial_bayou, serial_bayou_shore_b,
          serial_bayou_ford_a, serial_bayou_lagoon_a, serial_bayou_lagoon_b,
          minmay_a_box_with_orc_wizards_in_it, uniq_edmund
D:5:      serial_shops, nicolae_shop_window_shopping, minmay_gold_behind_fungi,
          sigmund_army, uniq_sigmund
D:6:      slow_altar_1, elyvilon_altar_1, nicolae_tso_carved_into_rock,
          basic_altar, serial_shops, shop, uniq_eustachio
D:7:      nicolae_dithmenos_through_a_glass_darkly, minmay_temple_entry_hall,
          serial_shops, shop_statue
D:8:      fedhas_bush_and_centaur_altar, basic_altar, the_bakery,
          corexii_hall_statues_x, nemelex_spade_bored_becter
D:9:      kennysheep_little_box, chequers_temple_overflow_statue_of_worship
D:10:     minmay_lair_entry_lava, enter_bailey_1, uniq_erica, uniq_urug
D:11:     orc_david_3
D:12:     erik_rubicon_a, serial_undead, serial_undead_f, serial_undead_c,
          serial_undead_a, serial_undead_a, serial_undead_e, serial_undead_c,
          serial_undead_c, serial_undead_c, lab_entry_generic,
          zaba_antful_of_joy, uniq_erolcha
Temple:   compressed_dpeg_triangle_lava_temple
Bailey:   bailey_polearm_3, bailey

Skill      XL: |  1  2  3  4  5  6  7  8  9 10 11 12 |
---------------+-------------------------------------+-----
Unarmed Combat | 3 4 6 7 8 10 11 12 14 | 14.0
Dodging        | 3 4 5 6 |  6.9
Armour         | 1 2 3 4 5 6 7 8 |  8.9
Stealth        | 2 4 5 6 |  6.0
Evocations     | 1 3 |  3.5
Fighting       | 4 5 6 |  6.4
Shields        | 2 |  2.7

Action                   |  1- 3 |  4- 6 |  7- 9 | 10-12 || total
-------------------------+-------+-------+-------+-------++-------
Melee: Unarmed           |   167 |   193 |   445 |   479 ||  1284
       Punch             |     1 |     2 |    16 |    24 ||    43
Invok: Potion Petition   |       |       |       |     1 ||     1
       Call Merchant     |       |       |       |     1 ||     1
Evoke: Wand              |     4 |       |     6 |     3 ||    13
  Use: Potion            |     2 |       |     4 |     6 ||    12
       Scroll            |       |     1 |     8 |     6 ||    15
 Stab: Confused          |       |       |     3 |     2 ||     5
       Invisible         |       |       |       |     3 ||     3
       Distracted        |       |       |       |     4 ||     4
       Sleeping          |       |       |       |     2 ||     2
  Eat: Chunk             |     2 |    10 |    22 |       ||    34
       Bread ration      |       |       |       |     2 ||     2
Armor: Scale mail        |    63 |    68 |   155 |    20 ||   306
       Robe              |     1 |       |       |       ||     1
       Skin              |       |       |    14 |    15 ||    29
       Ring mail         |       |       |       |    18 ||    18
       Chain mail        |       |       |       |   118 ||   118
Dodge: Dodged            |    95 |   101 |   269 |   270 ||   735
